 Dungeon Crawl Stone Soup version 0.15.2 (webtiles) character file.

227 Heini the Covered (level 5, -2/48 HPs)
             Began as a Minotaur Fighter on Feb 20, 2015.
             Was an Initiate of Okawaru.
             Slain by an ogre
             ... wielding a +0 giant club
              (25 damage)
             ... on Level 4 of the Dungeon.
             The game lasted 00:05:03 (2197 turns).

Heini the Covered (Minotaur Fighter)                Turns: 2197, Time: 00:05:04

HP  -2/48        AC  8     Str 22      XL: 5   Next: 70%
MP   2/2         EV  7     Int  5      God: Okawaru [......]
Gold 195         SH  9     Dex  9      Spells:  0 memorised,  4 levels left

rFire  . . .     SeeInvis .     a - +0 flail
rCold  . . .     Clarity  .     b - +0 scale mail
rNeg   . . .     rCorr    .     c - +0 shield
rPois  .         rRot     .     (helmet restricted)
rElec  .         Spirit   .     i - +0 cloak
SustAb .         Warding  .     (no gloves)
rMut   .         Stasis   .     (no boots)
Gourm  .                        (no amulet)
MR     .....                    (no ring)
                                g - ring of flight

@: not resistant to hostile enchantments, extremely unstealthy
A: retaliatory headbutt, horns 2
a: Renounce Religion, Evoke Flight


You were on level 4 of the Dungeon.
You worshipped Okawaru.
Okawaru was noncommittal.
You were not hungry.

You visited 2 branches of the dungeon, and saw 5 of its levels.

You collected 195 gold pieces.

Inventory:

Hand weapons
 a - a +0 flail (weapon)
Armour
 b - a +0 scale mail (worn)
 c - a +0 shield (worn)
 i - a +0 cloak (worn)
Magical devices
 t - a wand of random effects (18) {unknown}
 u - a wand of disintegration (13) {unknown}
Comestibles
 d - 4 bread rations
 o - 2 meat rations
 q - 4 fruits
Scrolls
 e - 3 scrolls of identify
 h - 2 scrolls of magic mapping
 j - 3 scrolls of teleportation
Jewellery
 g - a ring of flight (left hand)
Potions
 f - a potion of cure mutation
 k - a potion of lignification {unknown}
 l - a potion of curing {unknown}
 m - a potion of haste {unknown}
 n - a potion of brilliance {unknown}
 p - a potion of restore abilities {unknown}
 r - a potion of heal wounds {unknown}
 s - a potion of berserk rage {unknown}


   Skills:
 * Level 5.2 Fighting
 * Level 4.2 Maces & Flails
 * Level 5.8 Armour
 - Level 3.6 Shields


You had 4 spell levels left.
You didn't know any spells.

Dungeon Overview and Level Annotations

Branches:
Dungeon (4/15)             Temple (1/1) D:4

Altars:
Ashenzari
Cheibriados
Dithmenos
Elyvilon
Fedhas
Kikubaaqudgha
Makhleb
Nemelex Xobeh
Okawaru
Qazlal
Sif Muna
Vehumet
Xom
Yredelemnul
Zin
The Shining One


Innate Abilities, Weirdness & Mutations

You reflexively headbutt those who attack you in melee.
You have a pair of horns on your head.


Message History

Press: ? - help, Dir - move target cursor
As you read the scroll labeled THRORRO CIWN, it crumbles to dust.
You are very lightly contaminated with residual magic.
It was a scroll of blinking.
You see here 11 sling bullets of frost.
There is a stone staircase leading up here.
Your magical contamination has completely faded away.
There is a stone staircase leading up here.
Found 14 stones.
Found a stone staircase leading down.
You now have 195 gold pieces (gained 13).
e - 3 scrolls of identify (gained 1)
Found a stone staircase leading down.
An ogre comes into view. It is wielding a giant club.
Your shield and scale mail prevent you from hitting the ogre.
The ogre hits you with a giant club!!
Ouch! That really hurt!
You barely miss the ogre. The ogre hits you with a giant club!!
Ouch! That really hurt!
You die...

.## ..## ...## #
##...##.. #...>...
##.....# .# #......#
.# #..O...# .#
#..@...# .# #......# #
##...=..## #
#........# #####
#........#
....##########.......#
###..........#.......#
#########>...####### #
####.## #


You could see an ogre.

Vanquished Creatures
  The ghost of SaintRoka the Slasher, an average HEBe of Trog (D:3)
  A hound (D:4)
  A gnoll (D:2)
  4 adders
  3 worms
  2 giant geckos
  An ooze (D:2)
  4 orcs
  2 giant cockroaches (D:3)
  5 goblins
  5 hobgoblins
  10 kobolds
  2 quokkas
  10 bats
  9 rats
  A plant (D:1)
61 creatures vanquished.

Notes
Turn   | Place    | Note
--------------------------------------------------------------
     0 | D:1      | Heini, the Minotaur Fighter, began the quest for the Orb.
     0 | D:1      | Reached XP level 1. HP: 19/19 MP: 1/1
   184 | D:1      | Reached skill level 4 in Armour
   184 | D:1      | Reached XP level 2. HP: 22/27 MP: 1/1
   609 | D:2      | Found a glowing silver altar of Zin.
   704 | D:2      | Reached XP level 3. HP: 30/33 MP: 2/2
   718 | D:2      | Found an iron altar of Okawaru.
   755 | D:2      | Became a worshipper of Warmaster Okawaru
   875 | D:2      | Reached XP level 4. HP: 34/41 MP: 2/2
  1141 | D:2      | Reached skill level 5 in Armour
  1281 | D:3      | Found a shadowy altar of Dithmenos.
  1379 | D:3      | Found a deep blue altar of Sif Muna.
  1384 | D:3      | Noticed SaintRoka's ghost (average HEBe)
  1397 | D:3      | Killed SaintRoka's ghost
  1397 | D:3      | Reached skill level 5 in Fighting
  1397 | D:3      | Reached XP level 5. HP: 30/48 MP: 2/2
  1767 | D:4      | Found a staircase to the Ecumenical Temple.
  1773 | Temple   | Entered the Ecumenical Temple
  2191 | D:4      | Noticed an ogre
  2197 | D:4      | Slain by an ogre

Action                   |  1- 3 |  4- 6 || total
-------------------------+-------+-------++-------
Melee: Flail             |   102 |    61 ||   163
  Use: Scroll            |     7 |     2 ||     9
       Potion            |       |     1 ||     1
  Eat: Chunk             |       |     4 ||     4
